Penguins vs Senators

Created - Friday, January 22, 2016 at 00:04

Goals
1 2 3 T
Penguins 0 1 1 2
Senators 0 0 0 0
Shots
1 2 3 T
Penguins 8 6 6 20
Senators 5 6 5 16

1st period

No Goal

Penalties :
Jesse Blacker (BIN) for Hooking (Minor) at 1:00

2nd period

1. Penguins , FARMPLAYER2 14 (Colton Parayko) at 13:38

Penalties :
Patrice Cormier (WBS) for Slashing (Minor) at 1:15, FARM PLAYER31 (WBS) for Cross-checking (Minor) at 5:25

3rd period

2. Penguins , Adam Clendening 13 (FARMPLAYER2) at 19:59 (Empty Net)

Penalties :
No Penalty

Goalie Stats

Martin Brodeur (WBS), 16 saves from 16 shots - (1.000), W, 15-5-5, 60:00 minutes
Jean-Francois Berube (BIN), 18 saves from 19 shots - (0.947), L, 16-17-14, 59:13 minutes

Players Stats for Penguins

Player Name              G  A  P  +/- PIM S  H  SB GA TA FO     MP     PP MP  PK MP  
------------------------------------------------------------------------------------
Adam Clendening          1  0  1   1  0   4  1  1  4  3  0/0    21:12   0:59   2:03 
Carson McMillan          0  0  0   0  0   0  2  1  0  0  4/8    18:48   1:11   0:29 
Charles Sarault          0  0  0   0  0   2  2  0  5  2  2/4    14:22   0:00   0:00 
Colton Parayko           0  1  1   1  0   0  1  0  0  0  0/0    11:47   1:00   0:00 
Danny Biega              0  0  0   1  0   2  1  2  1  0  0/0    18:09   1:00   1:55 
Drew Bagnall             0  0  0   0  0   0  1  1  0  2  0/0    14:41   0:00   0:00 
Dustin Gazley            0  0  0   0  0   4  4  0  2  0  0/1    18:19   1:11   0:00 
FARM PLAYER15            0  0  0   0  0   0  1  1  0  0  0/0    16:37   0:00   1:07 
FARM PLAYER22            0  0  0   0  0   1  0  1  0  0  0/0    12:41   0:00   0:00 
FARM PLAYER31            0  0  0   0  2   0  0  0  0  0  0/0    11:21   0:00   0:00 
FARM PLAYER33            0  0  0   0  0   0  0  0  0  0  0/0    10:52   0:00   0:00 
FARMPLAYER2              1  1  2   2  0   5  3  2  5  1  10/16  21:31   0:48   1:55 
Jason Gregoire           0  0  0   0  0   0  3  0  3  0  0/0    15:18   0:00   0:00 
Jeff Schultz             0  0  0   1  0   0  2  1  0  0  0/0    21:12   0:59   2:03 
Justin Vaive             0  0  0   0  0   0  7  0  3  1  0/1    19:43   1:11   2:18 
Patrice Cormier          0  0  0   2  2   1  1  0  2  1  1/1    21:05   0:48   1:12 
Ryan Olsen               0  0  0   0  0   0  0  0  0  2  1/2    11:12   0:00   2:21 
Trevor Parkes            0  0  0   2  0   1  1  0  2  1  0/0    17:00   0:48   0:29 

Players Stats for Senators

Player Name              G  A  P  +/- PIM S  H  SB GA TA FO     MP     PP MP  PK MP  
------------------------------------------------------------------------------------
Cody Hodgson             0  0  0   0  0   0  1  0  1  0  1/1    10:58   0:00   0:00 
Colin Greening           0  0  0   0  0   2  3  1  2  1  0/3    21:02   1:31   1:18 
Colton Orr               0  0  0  -1  0   0  2  0  0  0  0/0    17:14   1:17   0:00 
Connor Brown             0  0  0   0  0   0  0  0  0  0  0/0     1:19   0:00   0:00 
Darcy Zajac              0  0  0   0  0   0  2  1  2  0  5/7    13:07   0:00   0:00 
Emerson Etem             0  0  0   0  0   0  1  0  2  0  0/0    16:37   0:00   0:00 
Evan Trupp               0  0  0   0  0   2  0  1  3  0  3/7    18:45   1:17   0:00 
FARM PLAYER2             0  0  0   0  0   0  1  0  0  0  0/0    18:10   1:10   0:26 
Greg Nemisz              0  0  0  -2  0   5  1  3  3  3  1/1    19:23   2:41   0:41 
Griffin Reinhart         0  0  0  -2  0   1  2  0  1  1  0/0    22:38   1:33   0:26 
Jesse Blacker            0  0  0  -1  2   0  0  0  0  1  0/0    25:49   1:33   0:00 
Kenny Ryan               0  0  0   0  0   1  1  1  4  1  0/0    18:59   1:17   0:41 
Matt Finn                0  0  0   0  0   0  0  0  0  0  0/0    22:08   2:25   1:33 
Mike Brown               0  0  0  -1  0   2  5  0  3  0  0/0    13:28   0:00   0:00 
Philip McRae             0  0  0   0  0   0  0  0  0  0  0/0     1:18   0:00   0:00 
Ryan Craig               0  0  0  -2  0   1  1  0  2  2  5/14   21:17   2:41   1:18 
Tom Nilsson              0  0  0   0  0   1  0  1  0  0  0/0    22:17   2:25   1:33 
Viktor Loov              0  0  0  -1  0   1  0  1  0  3  0/0    13:21   0:00   0:00 

3 Stars

1 - FARMPLAYER2 (WBS)
2 - Martin Brodeur (WBS)
3 - Adam Clendening (WBS)

Power Play

Penguins - 0 on 1 Attempt(s) - 0.00%
Senators - 0 on 2 Attempt(s) - 0.00%

Penalty Kill

Penguins - 2 on 2 Attempt(s) - 100.00% - Score 0 goal in Penalty Kill
Senators - 1 on 1 Attempt(s) - 100.00% - Score 0 goal in Penalty Kill

Team Stat

Penguins - Hits : 30 - Faceoff Wins : 18 - Blocked Shots : 10 - Penalty Minutes : 4
Senators - Hits : 20 - Faceoff Wins : 15 - Blocked Shots : 9 - Penalty Minutes : 2

Official

Referees : Unknown
Linesman : Unknown

Game Notes

Colton Parayko is injured at 6:32 of 3rd period (Left Knee)
Charles Sarault is injured at 12:41 of 3rd period (Right Foot)
Adam Clendening has scored in a empty net!

Finance

Level 1 -- Attendance: 1350 (67.50%) -- Ticket Income $47,250
Level 2 -- Attendance: 756 (75.60%) -- Ticket Income $11,340
Total Attendance: 2106 (70.20%)
Total Ticket Income: $58,590
Other Income: $28,709
Total Income: $87,299

Penguins

5 vs 5 Forward 
   Center                   Left Wing                Right Wing               Time % Phy DF OF 
 1 FARMPLAYER2              Patrice Cormier          Trevor Parkes            35     1   2  2  
 2 Carson McMillan          Justin Vaive             Dustin Gazley            30     1   2  2  
 3 Charles Sarault          Jason Gregoire           FARM PLAYER15            22     1   2  2  
 4 Ryan Olsen               FARMPLAYER2              Patrice Cormier          13     1   2  2  

5 vs 5 Defense 
   Defense                  Defense                                           Time % Phy DF OF 
 1 Jeff Schultz             Adam Clendening                                   35     1   2  2  
 2 Danny Biega              Colton Parayko                                    30     1   2  2  
 3 Drew Bagnall             FARM PLAYER22                                     22     1   2  2  
 4 FARM PLAYER33            FARM PLAYER31                                     13     1   2  2  

PowerPlay Forward 
   Center                   Left Wing                Right Wing               Time % Phy DF OF 
 1 FARMPLAYER2              Patrice Cormier          Trevor Parkes            60     1   2  2  
 2 Carson McMillan          Justin Vaive             Dustin Gazley            40     1   2  2  

PowerPlay Defense
   Defense                  Defense                                           Time % Phy DF OF 
 1 Jeff Schultz             Adam Clendening                                   60     1   2  2  
 2 Danny Biega              Colton Parayko                                    40     1   2  2  

Penalty Kill 4 Players Forward 
   Center                   Wing                     Time % Phy DF OF 
 1 Patrice Cormier          Justin Vaive             60     1   2  2  
 2 Trevor Parkes            Carson McMillan          40     1   2  2  

Penalty Kill 4 Players Defense
   Defense                  Defense                  Time % Phy DF OF 
 1 Jeff Schultz             Adam Clendening          60     1   2  2  
 2 Danny Biega              FARMPLAYER2              40     1   2  2  

Penalty Kill - 3 Players Forward 
   Forward                                           Time % Phy DF OF 
 1 Patrice Cormier                                   60     1   2  2  
 2 Justin Vaive                                      40     1   2  2  

Penalty Kill - 3 Players Defense
   Defense                  Defense                  Time % Phy DF OF 
 1 Jeff Schultz             Adam Clendening          60     1   2  2  
 2 Danny Biega              FARMPLAYER2              40     1   2  2  

4 vs 4 Forward 
   Center                   Wing                     Time % Phy DF OF 
 1 Patrice Cormier          Justin Vaive             60     1   2  2  
 2 Trevor Parkes            Carson McMillan          40     1   2  2  

4 vs 4 Defense
   Defense                  Defense                  Time % Phy DF OF 
 1 Jeff Schultz             Adam Clendening          60     1   2  2  
 2 Danny Biega              FARMPLAYER2              40     1   2  2  

Last Minutes Offensive
   Center                   Left Wing                Right Wing               Defense                  Defense                  
   FARMPLAYER2              Patrice Cormier          Trevor Parkes            Jeff Schultz             Adam Clendening          

Last Minutes Defensive
   Center                   Left Wing                Right Wing               Defense                  Defense                  
   FARMPLAYER2              Patrice Cormier          Trevor Parkes            Jeff Schultz             Adam Clendening          

Goaltenders
Starting : Martin Brodeur           
Backup : Dan Ellis                

Extra Forwards
Normal : Charles Sarault, Jason Gregoire, Ryan Olsen - PP : Charles Sarault, Jason Gregoire - PK : Ryan Olsen
Extra Defensemen
Normal : Drew Bagnall, FARM PLAYER22, FARM PLAYER15 - PP : Drew Bagnall - PK : FARM PLAYER22, FARM PLAYER15
Penalty Shots
FARMPLAYER2, Patrice Cormier, Justin Vaive, Trevor Parkes, Carson McMillan

Senators

5 vs 5 Forward 
   Center                   Left Wing                Right Wing               Time % Phy DF OF 
 1 Ryan Craig               Colin Greening           Greg Nemisz              35     1   2  2  
 2 Evan Trupp               Emerson Etem             Kenny Ryan               30     1   2  2  
 3 Cody Hodgson             Colin Greening           Colton Orr               22     1   2  2  
 4 Darcy Zajac              Mike Brown               Colin Greening           13     1   2  2  

5 vs 5 Defense 
   Defense                  Defense                                           Time % Phy DF OF 
 1 Griffin Reinhart         Jesse Blacker                                     35     1   2  2  
 2 Matt Finn                Tom Nilsson                                       30     1   2  2  
 3 FARM PLAYER2             Jesse Blacker                                     22     1   2  2  
 4 Viktor Loov              Jesse Blacker                                     13     1   2  2  

PowerPlay Forward 
   Center                   Left Wing                Right Wing               Time % Phy DF OF 
 1 Ryan Craig               Colin Greening           Greg Nemisz              60     1   2  2  
 2 Evan Trupp               Colton Orr               Kenny Ryan               40     1   2  2  

PowerPlay Defense
   Defense                  Defense                                           Time % Phy DF OF 
 1 Griffin Reinhart         Jesse Blacker                                     60     1   2  2  
 2 Matt Finn                Tom Nilsson                                       40     1   2  2  

Penalty Kill 4 Players Forward 
   Center                   Wing                     Time % Phy DF OF 
 1 Colin Greening           Ryan Craig               60     1   2  2  
 2 Greg Nemisz              Kenny Ryan               40     1   2  2  

Penalty Kill 4 Players Defense
   Defense                  Defense                  Time % Phy DF OF 
 1 FARM PLAYER2             Jesse Blacker            60     1   2  2  
 2 Matt Finn                Tom Nilsson              40     1   2  2  

Penalty Kill - 3 Players Forward 
   Forward                                           Time % Phy DF OF 
 1 Colin Greening                                    60     1   2  2  
 2 Ryan Craig                                        40     1   2  2  

Penalty Kill - 3 Players Defense
   Defense                  Defense                  Time % Phy DF OF 
 1 FARM PLAYER2             Jesse Blacker            60     1   2  2  
 2 Matt Finn                Tom Nilsson              40     1   2  2  

4 vs 4 Forward 
   Center                   Wing                     Time % Phy DF OF 
 1 Colin Greening           Ryan Craig               60     1   2  2  
 2 Greg Nemisz              Kenny Ryan               40     1   2  2  

4 vs 4 Defense
   Defense                  Defense                  Time % Phy DF OF 
 1 Griffin Reinhart         Jesse Blacker            60     1   2  2  
 2 Matt Finn                Tom Nilsson              40     1   2  2  

Last Minutes Offensive
   Center                   Left Wing                Right Wing               Defense                  Defense                  
   Ryan Craig               Colin Greening           Greg Nemisz              Griffin Reinhart         Jesse Blacker            

Last Minutes Defensive
   Center                   Left Wing                Right Wing               Defense                  Defense                  
   Ryan Craig               Colin Greening           Greg Nemisz              Griffin Reinhart         Jesse Blacker            

Goaltenders
Starting : Jean-Francois Berube     
Backup : Cedrick Desjardins       

Extra Forwards
Normal : Colin Greening, Colton Orr, Ryan Craig - PP : Colin Greening, Colton Orr - PK : Colin Greening
Extra Defensemen
Normal : FARM PLAYER2, Jesse Blacker, Matt Finn - PP : FARM PLAYER2 - PK : Jesse Blacker, Matt Finn
Penalty Shots
Colin Greening, Ryan Craig, Greg Nemisz, Evan Trupp, Kenny Ryan

% Time on Ice - Penguins

Lines # - Real PCT - Wanted PCT - Time Play
Normal Forward
1 - 29% - 35% - 15:26
2 - 32% - 30% - 17:09
3 - 29% - 22% - 15:19
4 - 10% - 13% - 5:36
Normal Defense
1 - 33% - 35% - 17:37
2 - 29% - 30% - 15:15
3 - 20% - 22% - 10:38
4 - 19% - 13% - 10:00
PP Forward
1 - 40% - 60% - 0:48
2 - 60% - 40% - 1:11
PP Defense
1 - 50% - 60% - 0:59
2 - 50% - 40% - 1:00
PK Forward
1 - 88% - 60% - 3:29
2 - 12% - 40% - 0:29
PK Defense
1 - 52% - 60% - 2:03
2 - 48% - 40% - 1:55
PK3 Forward
1 - 0% - 60%
2 - 0% - 40%
PK3 Defense
1 - 0% - 60%
2 - 0% - 40%
44 Forward
1 - 0% - 60%
2 - 0% - 40%
44 Defense
1 - 0% - 60%
2 - 0% - 40%
Last Minute Offensive  - 0:00
Last Minute Defensive  - 0:33
Total
Forward - 60:00
Defense - 60:00

% Time on Ice - Senators

Lines # - Real PCT - Wanted PCT - Time Play
Normal Forward
1 - 29% - 35% - 15:38
2 - 30% - 30% - 15:50
3 - 20% - 22% - 10:49
4 - 20% - 13% - 10:54
Normal Defense
1 - 32% - 35% - 16:50
2 - 35% - 30% - 18:41
3 - 17% - 22% - 9:06
4 - 16% - 13% - 8:34
PP Forward
1 - 68% - 60% - 2:41
2 - 32% - 40% - 1:17
PP Defense
1 - 39% - 60% - 1:33
2 - 61% - 40% - 2:25
PK Forward
1 - 66% - 60% - 1:18
2 - 34% - 40% - 0:41
PK Defense
1 - 22% - 60% - 0:26
2 - 78% - 40% - 1:33
PK3 Forward
1 - 0% - 60%
2 - 0% - 40%
PK3 Defense
1 - 0% - 60%
2 - 0% - 40%
44 Forward
1 - 0% - 60%
2 - 0% - 40%
44 Defense
1 - 0% - 60%
2 - 0% - 40%
Last Minute Offensive  - 0:52
Last Minute Defensive  - 0:00
Total
Forward - 60:00
Defense - 60:00

Play by Play

1st period


0:01 of 1st period - FARMPLAYER2 wins face-off versus Ryan Craig in neutral zone.
0:08 of 1st period - Slapshot by Adam Clendening.
0:08 of 1st period - Deflect By FARMPLAYER2.
0:08 of 1st period - Stopped by Jean-Francois Berube with a rebound.
0:10 of 1st period - Snap shot by Adam Clendening.
0:10 of 1st period - Stopped by Jean-Francois Berube with a rebound.
0:12 of 1st period - Slapshot by FARMPLAYER2.
0:12 of 1st period - Shot Misses the Net.
0:14 of 1st period - Slapshot by Jeff Schultz.
0:14 of 1st period - Deflect By Trevor Parkes.
0:14 of 1st period - Stopped by Jean-Francois Berube with a rebound.
0:16 of 1st period - Slapshot by Adam Clendening.
0:16 of 1st period - Shot Blocked by Greg Nemisz.
1:00 of 1st period - Minor Penalty to Jesse Blacker for Hooking.
1:01 of 1st period - Carson McMillan wins face-off versus Colin Greening in Senators zone.
1:14 of 1st period - Slapshot by Danny Biega.
1:14 of 1st period - Stopped by Jean-Francois Berube without a rebound.
1:15 of 1st period - Carson McMillan wins face-off versus Colin Greening in Senators zone.
2:33 of 1st period - Slapshot by Adam Clendening.
2:33 of 1st period - Deflect By FARMPLAYER2.
2:33 of 1st period - Shot Misses the Net.
2:33 of 1st period - Puck is out of play.
2:34 of 1st period - FARMPLAYER2 wins face-off versus Colin Greening in Senators zone.
2:59 of 1st period - Ryan Craig is hit by Justin Vaive and loses puck.
3:00 of 1st period - Penalty to Jesse Blacker is over, Jesse Blacker is back on ice.
3:34 of 1st period - Snap shot by Charles Sarault.
3:34 of 1st period - Stopped by Jean-Francois Berube without a rebound.
3:35 of 1st period - Evan Trupp wins face-off versus Ryan Olsen in Senators zone.
4:29 of 1st period - Cody Hodgson is hit by Carson McMillan and loses puck.
4:52 of 1st period - Snap shot by Mike Brown.
4:52 of 1st period - Stopped by Martin Brodeur without a rebound.
4:53 of 1st period - Charles Sarault wins face-off versus Darcy Zajac in Penguins zone.
5:10 of 1st period - Slapshot by Adam Clendening.
5:10 of 1st period - Shot Misses the Net.
5:59 of 1st period - Snap shot by Greg Nemisz.
5:59 of 1st period - Stopped by Martin Brodeur without a rebound.
6:00 of 1st period - FARMPLAYER2 wins face-off versus Ryan Craig in Penguins zone.
7:32 of 1st period - Slapshot by Jesse Blacker.
7:32 of 1st period - Shot Blocked by Danny Biega.
7:34 of 1st period - Snap shot by Evan Trupp.
7:34 of 1st period - Stopped by Martin Brodeur without a rebound.
7:35 of 1st period - Ryan Craig wins face-off versus Carson McMillan in Penguins zone.
8:36 of 1st period - FARMPLAYER2 is hit by Mike Brown and loses puck.
8:55 of 1st period - Slapshot by Colin Greening.
8:55 of 1st period - Stopped by Martin Brodeur with a rebound.
8:57 of 1st period - Slapshot by Cody Hodgson.
8:57 of 1st period - Shot Blocked by FARMPLAYER2.
8:59 of 1st period - Wrist shot by Colton Orr.
8:59 of 1st period - Shot Misses the Net.
9:35 of 1st period - Carson McMillan is hit by Kenny Ryan and loses puck.
10:21 of 1st period - Tom Nilsson is hit by Jason Gregoire and loses puck.
10:36 of 1st period - Jesse Blacker is hit by Jason Gregoire and loses puck.
10:45 of 1st period - Matt Finn is hit by Danny Biega and loses puck.
10:58 of 1st period - Ryan Craig is hit by Colton Parayko.
11:11 of 1st period - Snap shot by Greg Nemisz.
11:11 of 1st period - Shot Hit the Post.
11:29 of 1st period - Adam Clendening is hit by Colton Orr and loses puck.
11:50 of 1st period - Emerson Etem is hit by Jeff Schultz.
12:52 of 1st period - Griffin Reinhart is hit by Justin Vaive and loses puck.
13:05 of 1st period - Kenny Ryan is hit by Justin Vaive and loses puck.
13:16 of 1st period - Drew Bagnall is hit by Emerson Etem and loses puck.
13:27 of 1st period - Snap shot by Charles Sarault.
13:27 of 1st period - Stopped by Jean-Francois Berube with a rebound.
14:02 of 1st period - Wrist shot by Ryan Craig.
14:02 of 1st period - Stopped by Martin Brodeur with a rebound.
14:10 of 1st period - Ryan Craig is hit by Drew Bagnall and loses puck.
14:52 of 1st period - Snap shot by Trevor Parkes.
14:52 of 1st period - Shot Misses the Net.
14:54 of 1st period - Wrist shot by FARM PLAYER22.
14:54 of 1st period - Stopped by Jean-Francois Berube with a rebound.
16:41 of 1st period - Off-side.
16:42 of 1st period - FARMPLAYER2 wins face-off versus Darcy Zajac in neutral zone.
16:47 of 1st period - Snap shot by FARMPLAYER2.
16:47 of 1st period - Shot Blocked by Kenny Ryan.
17:22 of 1st period - FARMPLAYER2 is hit by Colin Greening and loses puck.
17:51 of 1st period - Adam Clendening is hit by Ryan Craig and loses puck.
18:50 of 1st period - Snap shot by Dustin Gazley.
18:50 of 1st period - Stopped by Jean-Francois Berube with a rebound.
19:46 of 1st period - Charles Sarault is hit by Mike Brown and loses puck.
Goals for this period are 0 for Penguins vs 0 for Senators.
Shots for this period are 8 for Penguins vs 5 for Senators.

2nd period


0:01 of 2nd period - FARMPLAYER2 wins face-off versus Ryan Craig in neutral zone.
0:04 of 2nd period - Greg Nemisz is hit by Jeff Schultz and loses puck.
0:13 of 2nd period - Snap shot by FARMPLAYER2.
0:13 of 2nd period - Stopped by Jean-Francois Berube with a rebound.
0:15 of 2nd period - Slapshot by Adam Clendening.
0:15 of 2nd period - Deflect By Patrice Cormier.
0:15 of 2nd period - Stopped by Jean-Francois Berube without a rebound.
0:16 of 2nd period - FARMPLAYER2 wins face-off versus Ryan Craig in Senators zone.
0:21 of 2nd period - Wrist shot by Adam Clendening.
0:21 of 2nd period - Shot Blocked by Greg Nemisz.
0:23 of 2nd period - Wrist shot by FARMPLAYER2.
0:23 of 2nd period - Stopped by Jean-Francois Berube with a rebound.
0:25 of 2nd period - Slapshot by Jeff Schultz.
0:25 of 2nd period - Deflect By FARMPLAYER2.
0:25 of 2nd period - Shot Blocked by Greg Nemisz.
0:25 of 2nd period - Puck is out of play.
0:26 of 2nd period - Evan Trupp wins face-off versus Carson McMillan in Senators zone.
0:50 of 2nd period - Icing by Justin Vaive.
0:51 of 2nd period - Greg Nemisz wins face-off versus Dustin Gazley in Penguins zone.
0:58 of 2nd period - Snap shot by Colin Greening.
0:58 of 2nd period - Stopped by Martin Brodeur without a rebound.
0:59 of 2nd period - FARMPLAYER2 wins face-off versus Ryan Craig in Penguins zone.
1:15 of 2nd period - Minor Penalty to Patrice Cormier for Slashing.
1:16 of 2nd period - Ryan Craig wins face-off versus Justin Vaive in Penguins zone.
1:29 of 2nd period - Slapshot by Griffin Reinhart.
1:29 of 2nd period - Shot Misses the Net.
1:56 of 2nd period - Slapshot by Justin Vaive.
1:56 of 2nd period - Deflect By Ryan Olsen.
1:56 of 2nd period - Shot Misses the Net.
1:56 of 2nd period - Puck is out of play.
1:57 of 2nd period - Ryan Olsen wins face-off versus Evan Trupp in Senators zone.
2:14 of 2nd period - Matt Finn is hit by Justin Vaive and loses puck.
2:47 of 2nd period - Danny Biega is hit by Colin Greening and loses puck.
2:52 of 2nd period - Wrist shot by Greg Nemisz.
2:52 of 2nd period - Shot Blocked by Danny Biega.
2:54 of 2nd period - Snap shot by Greg Nemisz.
2:54 of 2nd period - Shot Misses the Net.
2:56 of 2nd period - Wrist shot by Greg Nemisz.
2:56 of 2nd period - Shot Misses the Net.
3:15 of 2nd period - Penalty to Patrice Cormier is over, Patrice Cormier is back on ice.
3:42 of 2nd period - Patrice Cormier is hit by Darcy Zajac and loses puck.
4:28 of 2nd period - Cody Hodgson is hit by Justin Vaive and loses puck.
5:10 of 2nd period - Jesse Blacker is hit by Dustin Gazley and loses puck.
5:25 of 2nd period - Minor Penalty to FARM PLAYER31 for Cross-checking.
5:26 of 2nd period - Patrice Cormier wins face-off versus Ryan Craig in Penguins zone.
6:23 of 2nd period - Greg Nemisz is hit by Trevor Parkes and loses puck.
6:50 of 2nd period - Ryan Craig is hit by FARMPLAYER2 and loses puck.
7:25 of 2nd period - Penalty to FARM PLAYER31 is over, FARM PLAYER31 is back on ice.
8:15 of 2nd period - Snap shot by Colin Greening.
8:15 of 2nd period - Shot Misses the Net.
8:17 of 2nd period - Snap shot by Mike Brown.
8:17 of 2nd period - Shot Misses the Net.
8:19 of 2nd period - Snap shot by Jesse Blacker.
8:19 of 2nd period - Shot Misses the Net.
8:21 of 2nd period - Snap shot by Mike Brown.
8:21 of 2nd period - Stopped by Martin Brodeur without a rebound.
8:22 of 2nd period - Darcy Zajac wins face-off versus FARMPLAYER2 in Penguins zone.
8:50 of 2nd period - Off-side.
8:51 of 2nd period - Evan Trupp wins face-off versus Charles Sarault in neutral zone.
8:59 of 2nd period - Wrist shot by Emerson Etem.
8:59 of 2nd period - Deflect By Evan Trupp.
8:59 of 2nd period - Stopped by Martin Brodeur with a rebound.
9:01 of 2nd period - Snap shot by Emerson Etem.
9:01 of 2nd period - Shot Blocked by FARM PLAYER15.
9:23 of 2nd period - Wrist shot by Dustin Gazley.
9:23 of 2nd period - Stopped by Jean-Francois Berube with a rebound.
10:03 of 2nd period - Wrist shot by Evan Trupp.
10:03 of 2nd period - Shot Misses the Net.
10:35 of 2nd period - Kenny Ryan is hit by Justin Vaive and loses puck.
10:56 of 2nd period - Slapshot by Adam Clendening.
10:56 of 2nd period - Shot Misses the Net.
11:10 of 2nd period - Adam Clendening is hit by Mike Brown and loses puck.
11:28 of 2nd period - Adam Clendening is hit by Colton Orr and loses puck.
11:42 of 2nd period - Icing by Jason Gregoire.
11:43 of 2nd period - Cody Hodgson wins face-off versus Charles Sarault in Penguins zone.
11:56 of 2nd period - Cody Hodgson is hit by Dustin Gazley and loses puck.
12:09 of 2nd period - Wrist shot by Justin Vaive.
12:09 of 2nd period - Shot Blocked by Darcy Zajac.
12:59 of 2nd period - Wrist shot by Kenny Ryan.
12:59 of 2nd period - Stopped by Martin Brodeur with a rebound.
13:18 of 2nd period - Slapshot by Viktor Loov.
13:18 of 2nd period - Stopped by Martin Brodeur with a rebound.
13:20 of 2nd period - Slapshot by Griffin Reinhart.
13:20 of 2nd period - Stopped by Martin Brodeur with a rebound.
13:22 of 2nd period - Snap shot by Griffin Reinhart.
13:22 of 2nd period - Shot Blocked by Drew Bagnall.
13:38 of 2nd period - Snap shot by FARMPLAYER2.
13:38 of 2nd period - Goal by FARMPLAYER2 - Penguins : 1 - Senators : 0.
13:39 of 2nd period - Darcy Zajac wins face-off versus FARMPLAYER2 in neutral zone.
13:46 of 2nd period - Slapshot by Mike Brown.
13:46 of 2nd period - Deflect By Adam Clendening.
13:46 of 2nd period - Shot Blocked by Adam Clendening.
13:46 of 2nd period - Puck is out of play.
13:47 of 2nd period - Darcy Zajac wins face-off versus FARMPLAYER2 in Penguins zone.
14:45 of 2nd period - Colin Greening is hit by FARMPLAYER2 and loses puck.
14:58 of 2nd period - Snap shot by Danny Biega.
14:58 of 2nd period - Shot Misses the Net.
15:20 of 2nd period - Snap shot by Dustin Gazley.
15:20 of 2nd period - Stopped by Jean-Francois Berube without a rebound.
15:21 of 2nd period - Carson McMillan wins face-off versus Evan Trupp in Senators zone.
15:28 of 2nd period - Snap shot by Dustin Gazley.
15:28 of 2nd period - Shot Blocked by Evan Trupp.
15:44 of 2nd period - Snap shot by Patrice Cormier.
15:44 of 2nd period - Shot Misses the Net.
16:23 of 2nd period - Ryan Craig is hit by Charles Sarault and loses puck.
17:30 of 2nd period - Evan Trupp is hit by Dustin Gazley and loses puck.
18:40 of 2nd period - Wrist shot by Dustin Gazley.
18:40 of 2nd period - Shot Blocked by Viktor Loov.
19:02 of 2nd period - Drew Bagnall is hit by Colin Greening and loses puck.
Goals for this period are 1 for Penguins vs 0 for Senators.
Shots for this period are 6 for Penguins vs 6 for Senators.

3rd period


0:01 of 3rd period - FARMPLAYER2 wins face-off versus Ryan Craig in neutral zone.
0:12 of 3rd period - Wrist shot by Greg Nemisz.
0:12 of 3rd period - Stopped by Martin Brodeur without a rebound.
0:13 of 3rd period - Ryan Craig wins face-off versus FARMPLAYER2 in Penguins zone.
0:14 of 3rd period - Wrist shot by Greg Nemisz.
0:14 of 3rd period - Stopped by Martin Brodeur with a rebound.
1:14 of 3rd period - Slapshot by Dustin Gazley.
1:14 of 3rd period - Shot Blocked by Tom Nilsson.
2:00 of 3rd period - Slapshot by Cody Hodgson.
2:00 of 3rd period - Shot Misses the Net.
3:07 of 3rd period - Snap shot by Ryan Craig.
3:07 of 3rd period - Deflect By Greg Nemisz.
3:07 of 3rd period - Stopped by Martin Brodeur with a rebound.
3:09 of 3rd period - Wrist shot by Tom Nilsson.
3:09 of 3rd period - Stopped by Martin Brodeur with a rebound.
3:11 of 3rd period - Snap shot by Greg Nemisz.
3:11 of 3rd period - Shot Blocked by FARMPLAYER2.
3:13 of 3rd period - Wrist shot by Ryan Craig.
3:13 of 3rd period - Shot Blocked by FARM PLAYER22.
3:35 of 3rd period - Jesse Blacker is hit by FARMPLAYER2 and loses puck.
3:43 of 3rd period - Icing by Darcy Zajac.
3:44 of 3rd period - Darcy Zajac wins face-off versus Carson McMillan in Senators zone.
4:01 of 3rd period - Jesse Blacker is hit by Adam Clendening and loses puck.
4:51 of 3rd period - Danny Biega is hit by Cody Hodgson and loses puck.
4:59 of 3rd period - Off-side.
5:00 of 3rd period - Charles Sarault wins face-off versus Evan Trupp in neutral zone.
5:03 of 3rd period - Griffin Reinhart is hit by Charles Sarault and loses puck.
5:24 of 3rd period - Griffin Reinhart is hit by Jason Gregoire and loses puck.
6:14 of 3rd period - Snap shot by Justin Vaive.
6:14 of 3rd period - Deflect By Dustin Gazley.
6:14 of 3rd period - Stopped by Jean-Francois Berube without a rebound.
6:15 of 3rd period - Darcy Zajac wins face-off versus Carson McMillan in Senators zone.
6:31 of 3rd period - Colton Parayko is hit by Mike Brown and loses puck.
6:32 of 3rd period - Colton Parayko from Penguins is injured at 6:32 of 3rd period (Left Knee).
6:33 of 3rd period - FARMPLAYER2 wins face-off versus Ryan Craig in Penguins zone.
7:03 of 3rd period - Wrist shot by FARMPLAYER2.
7:03 of 3rd period - Stopped by Jean-Francois Berube without a rebound.
7:04 of 3rd period - Carson McMillan wins face-off versus Evan Trupp in Senators zone.
7:21 of 3rd period - Evan Trupp is hit by Carson McMillan and loses puck.
8:00 of 3rd period - Colin Greening is hit by FARM PLAYER15 and loses puck.
8:25 of 3rd period - Slapshot by Adam Clendening.
8:25 of 3rd period - Deflect By Cody Hodgson.
8:25 of 3rd period - Stopped by Jean-Francois Berube with a rebound.
8:27 of 3rd period - Slapshot by Adam Clendening.
8:27 of 3rd period - Stopped by Jean-Francois Berube with a rebound.
8:59 of 3rd period - Slapshot by Patrice Cormier.
8:59 of 3rd period - Shot Blocked by Colin Greening.
9:35 of 3rd period - Jesse Blacker is hit by Dustin Gazley and loses puck.
10:12 of 3rd period - Jason Gregoire is hit by FARM PLAYER2 and loses puck.
10:41 of 3rd period - Justin Vaive is hit by Darcy Zajac and loses puck.
11:00 of 3rd period - Wrist shot by Mike Brown.
11:00 of 3rd period - Shot Blocked by Carson McMillan.
11:02 of 3rd period - Snap shot by Mike Brown.
11:02 of 3rd period - Shot Misses the Net.
11:04 of 3rd period - Wrist shot by Mike Brown.
11:04 of 3rd period - Shot Misses the Net.
11:06 of 3rd period - Wrist shot by Mike Brown.
11:06 of 3rd period - Shot Blocked by Jeff Schultz.
12:40 of 3rd period - Charles Sarault is hit by Mike Brown.
12:41 of 3rd period - Charles Sarault from Penguins is injured at 12:41 of 3rd period (Right Foot).
12:42 of 3rd period - Ryan Craig wins face-off versus FARMPLAYER2 in Penguins zone.
12:43 of 3rd period - Slapshot by Greg Nemisz.
12:43 of 3rd period - Shot Misses the Net.
12:57 of 3rd period - Snap shot by FARMPLAYER2.
12:57 of 3rd period - Shot Misses the Net.
13:15 of 3rd period - Slapshot by FARMPLAYER2.
13:15 of 3rd period - Shot Misses the Net.
13:37 of 3rd period - Wrist shot by Dustin Gazley.
13:37 of 3rd period - Shot Misses the Net.
13:39 of 3rd period - Backhand shot by Danny Biega.
13:39 of 3rd period - Stopped by Jean-Francois Berube with a rebound.
15:48 of 3rd period - Mike Brown is hit by Justin Vaive and loses puck.
16:49 of 3rd period - Tom Nilsson is hit by Patrice Cormier and loses puck.
18:31 of 3rd period - Jeff Schultz is hit by Greg Nemisz and loses puck.
18:40 of 3rd period - Slapshot by Greg Nemisz.
18:40 of 3rd period - Shot Misses the Net.
19:03 of 3rd period - Carson McMillan is hit by Griffin Reinhart and loses puck.
19:12 of 3rd period - Senators, Jean-Francois Berube is pulled from the net.
19:24 of 3rd period - Wrist shot by Greg Nemisz.
19:24 of 3rd period - Shot Misses the Net.
19:26 of 3rd period - Snap shot by Greg Nemisz.
19:26 of 3rd period - Stopped by Martin Brodeur without a rebound.
19:27 of 3rd period - Sheldon Keefe call a timeout for Senators.
19:27 of 3rd period - FARMPLAYER2 wins face-off versus Ryan Craig in Penguins zone.
19:27 of 3rd period - FARMPLAYER2 is hit by Griffin Reinhart.
19:35 of 3rd period - Off-side.
19:36 of 3rd period - Ryan Craig wins face-off versus FARMPLAYER2 in neutral zone.
19:59 of 3rd period - Snap shot by Adam Clendening.
19:59 of 3rd period - Goal by Adam Clendening - Penguins : 2 - Senators : 0.
19:59 of 3rd period - Jean-Francois Berube from Senators was sent back in the game.
Goals for this period are 1 for Penguins vs 0 for Senators.
Shots for this period are 6 for Penguins vs 5 for Senators.